 Dungeon Crawl Stone Soup version 0.31-a0-210-gccc998df9b (webtiles) character file.

Game seed: 431274410865312558

85 roflturtle the Firebug (level 4, -1/24 HPs)
             Began as a Tengu Fire Elementalist on June 29, 2023.
             Slain by Crazy Yiuf
             ... wielding a +4 quarterstaff of chaos
              (14 damage)
             ... on level 3 of the Dungeon.
             The game lasted 00:05:50 (2734 turns).

roflturtle the Firebug (Tengu Fire Elementalist)    Turns: 2734, Time: 00:05:53

Health: -1/24      AC:  3    Str: 14    XL:     4   Next: 48%
Magic:  4/8        EV: 13    Int: 17    God:
Gold:   161        SH:  0    Dex: 21    Spells: 1/7 levels left

rFire   . . .        c - +0 dagger
rCold   . . .        (no shield)
rNeg    . . .        a - +0 robe
rPois   .            (helmet restricted)
rElec   .            (no cloak)
rCorr   .            g - +0 pair of gloves
SInv    .            (boots unavailable)
Will    .....        (no amulet)
Stlth   ++           k - +6 ring of dexterity
HPRegen 0.24/turn    u - +6 ring of strength
MPRegen 0.11/turn

%: no passive effects
@: no status effects
A: beak, talons 3
a: no special abilities


You were on level 3 of the Dungeon.
You visited 1 branch of the dungeon, and saw 3 of its levels.

You collected 161 gold pieces.

Inventory:

Hand Weapons
 c - a +0 dagger (weapon)
 p - a +0 orcbow
 r - a +2 whip of pain
Armour
 a - a +0 robe (worn)
 g - a +0 pair of gloves (worn)
Jewellery
 k - a +6 ring of dexterity (left hand)
 t - a +6 ring of dexterity
 u - a +6 ring of strength (right hand)
Scrolls
 e - 2 scrolls of identify {unknown}
 i - a scroll of teleportation {unknown}
 l - a scroll of amnesia {unknown}
 m - a scroll of fog {unknown}
 o - a scroll of poison {unknown}
 q - a scroll of butterflies {unknown}
Potions
 b - a potion of magic
 d - a potion of degeneration {unknown}
 f - 2 potions of brilliance {unknown}
 h - a potion of mutation {unknown}
 j - 2 potions of curing {unknown}
 n - a potion of haste {unknown}
 s - a potion of ambrosia {unknown}


   Skills:
 - Level 2.1 Dodging
 - Level 2.0 Stealth
 - Level 2.0 Spellcasting
 - Level 3.0 Conjurations
 + Level 1.9 Hexes
 - Level 4.0 Fire Magic


You had one spell level left.
You knew the following spells:

 Your Spells              Type           Power      Damage    Failure   Level
a - Foxfire               Conj/Fire      52%        2x1d6     4%          1
b - Scorch                Fire           30%        2d6       5%          2
c - Inner Flame           Hex/Fire       11%        N/A       17%         3

Your spell library contained the following spells:

 Spells                   Type           Power      Damage    Failure   Level
 Volatile Blastmotes      Fire/Tloc      16%        2d11      26%         3
 Lesser Beckoning         Tloc           2%         N/A       28%         2
 Flame Wave               Conj/Fire      13%        2d6       41%         4
 Gell's Gravitas          Tloc           1%         N/A       50%         3
 Teleport Other           Tloc           1%         N/A       50%         3


Dungeon Overview and Level Annotations

Branches:
Dungeon (3/15)

Altars:
Zin

Annotations:
D:3 Crazy Yiuf


Innate Abilities, Weirdness & Mutations

You have a beak for a mouth.
You have claws for feet.


Message History

Found a hammer.
Found a runed translucent door.
Found a stone staircase leading up.
u - a +6 ring of strength
There is a stone staircase leading up here.
Things that are here:
a +0 dagger; a kobold corpse You see here a +0 club.
Found a chain mail.
Found a mace.
You see here a +0 chain mail.
You remove your +6 ring of dexterity.
You feel clumsy.
You feel stronger.
u - a +6 ring of strength (right hand)
You open the door.
Found a glowing silver altar of Zin.
Crazy Yiuf shouts!
Crazy Yiuf grits, "Defame wrapper unthinkable!"
You open the door. Crazy Yiuf attacks as you move away! Crazy Yiuf misses you.
Crazy Yiuf screams, "Spliff!
Snower sing hog."
Crazy Yiuf yells, "Leather poople arga!"
Crazy Yiuf attacks as you move away! Crazy Yiuf closely misses you.
Crazy Yiuf attacks as you move away! Crazy Yiuf barely misses you.
Casting: Foxfire (safe; 4% risk of failure)
Confirm with . or Enter, or press ? or * to list all spells.
Flames lash Crazy Yiuf.
Crazy Yiuf is moderately wounded.
Crazy Yiuf's fire resistance burns away.
Crazy Yiuf barely misses you.
You conjure some foxfire!
Crazy Yiuf hits you with a +4 quarterstaff of chaos!
Crazy Yiuf freezes you.
You conjure some foxfire!
The foxfire hits Crazy Yiuf.
Crazy Yiuf is heavily wounded.
The foxfire hits Crazy Yiuf.
Crazy Yiuf is burned terribly!
Crazy Yiuf is severely wounded.
Crazy Yiuf hits you with a +4 quarterstaff of chaos!
Ouch! That really hurt!
You die...

#.#.#
#..##.รท##.#.#..............
.#.####..#...............####..#.
#.#...)..).......<#..#.### #..#.
.#.##.####.####.#.#..#.######..#.
#.##### ### ####...............
.## #...#.)#####.##. #.#
########..#..# #..##. .## ###
###.#...v#..#..####.###. #.#
#...##..#..g@....#........... .##
#...'.####PPv.............##. #.#
#)..### ##P...#..........##. .##
### ####...#.>####..##. #.#
###.#..# ##..##. ..#
#...#..###...).. ..##########
####.#........###
..#.....##.######.##.#........#
.......................####.#.#


You could see Crazy Yiuf (combustible, ally target).

Vanquished Creatures
  2 adders
  A worm (D:2)
  A dart slug (D:2)
  3 orcs (D:3)
  5 endoplasms
  5 giant cockroaches
  8 goblins
  8 hobgoblins
  2 jackals (D:1)
  A quokka (D:1)
  5 ball pythons
  2 bats (D:1)
  2 frilled lizards
  5 kobolds
  5 rats
55 creatures vanquished.

Vanquished Creatures (others)
  176 foxfires
176 creatures vanquished.

Grand Total: 231 creatures vanquished

Notes
Turn   | Place    | Note
-------+----------+-------------------------------------------
     0 | D:1      | roflturtle the Tengu Fire Elementalist began the quest for
                  | the Orb.
     0 | D:1      | Reached XP level 1. HP: 10/10 MP: 4/4
    88 | D:1      | Reached XP level 2. HP: 15/15 MP: 4/6
    96 | D:1      | Learned a level 2 spell: Scorch
   548 | D:1      | Reached XP level 3. HP: 19/19 MP: 7/7
   552 | D:1      | Learned a level 3 spell: Inner Flame
   625 | D:1      | Reached skill level 4 in Fire Magic
   694 | D:1      | Found a faded altar of an unknown god.
  1143 | D:2      | Reached skill level 1 in Hexes
  1735 | D:2      | Reached XP level 4. HP: 24/24 MP: 4/8
  2478 | D:3      | Found a runed translucent door.
  2479 | D:3      | Noticed Crazy Yiuf
  2618 | D:3      | Found a glowing silver altar of Zin.
  2734 | D:3      | Slain by Crazy Yiuf

Illustrated notes

Levels and vault maps discovered:
D:1:      dpeg_arrival_pits, layout_loops_ring,
          chequers_ecumenical_altar_twisty, minmay_misc_feat_square,
          hangedman_decor_push
D:2:      layout_basic, serial_forest, infiniplex_forest_zigzag_2,
          infiniplex_forest_lined_ring, infiniplex_forest_clump_small,
          infiniplex_forest_lined_4_way
D:3:      layout_basic, zin_statuary, uniq_crazy_yiuf_cottage

Skill      XL: |  1  2  3 |
---------------+----------+-----
Conjurations   | 2 3 |  3.0
Fire Magic     | 4 |  4.0
Hexes          | 1 |  1.9
Dodging        | |  2.1
Stealth        | |  2.0
Spellcasting   | |  2.0

Action                     |  1- 3 |  4- 6 || total
---------------------------+-------+-------++-------
  Melee: Unarmed           |     2 |       ||     2
         Kick              |     4 |     3 ||     7
         Peck              |     1 |       ||     1
         Dagger            |     3 |     9 ||    12
   Cast: Foxfire           |    73 |    30 ||   103
         Scorch            |       |     1 ||     1
 Armour: Robe              |     4 |     1 ||     5
  Dodge: Dodged            |     4 |    10 ||    14

Table legend: (Time is in decaauts)
 A = Elapsed time spent in this place.
 B = Non-inter-level travel time spent in this place.
 C = Inter-level travel time spent in this place.
 D = Time resting spent in this place.
 E = Time spent auto-exploring this place.
 F = Levels seen in this place.
 G = Mean time per level.
                   A        B        C        D        E       F      G
               +--------+--------+--------+--------+--------+-----+--------+
         Total |   2731 |   2667 |     64 |      0 |   2316 |   3 |  910.3 |
       Dungeon |   2731 |   2667 |     64 |      0 |   2316 |   3 |  910.3 |
               +--------+--------+--------+--------+--------+-----+--------+

Top non-repeatable levels by time:
     D:1: 1068 daAuts
     D:2: 955 daAuts
     D:3: 707 daAuts
